[Event "Titled Tuesday Blitz July 26 Early 2022"]
[White "Narva, Mai"]
[Black "Leenhouts, Koen"]
[WhiteFideId "4500512"]
[BlackFideId "1008439"]
[WhiteElo "2152"]
[BlackElo "2409"]
[Result "1-0"]
[Round "10"]
[TimeControl "180+1"]
[Date "2022.07.27"]
[WhiteClock "0:00:03"]
[BlackClock "0:00:02"]

1. d4 Nf6 2. c4 e6 3. Nf3 c5 4. d5 exd5 5. cxd5 d6 6. Bg5 g6 7. e4 Bg7 8. Nc3 h6 9. Bh4 g5 10. Bg3 O-O 11. Bd3 Nh5 12. O-O Nxg3 13. hxg3 Bg4 14. Qb3 Bxf3 15. gxf3 Nd7 16. Kg2 a6 17. Nd1 b5 18. Be2 c4 19. Qc2 Qf6 20. Rb1 Nc5 21. Ne3 Rae8 22. Nf5 Re5 23. b3 Rxf5 24. exf5 c3 25. a4 b4 26. a5 Re8 27. Bd3 Re5 28. Be4 g4 29. Rfe1 gxf3+ 30. Bxf3 Qxf5 31. Qxf5 Rxf5 32. Re8+ Bf8 33. Re2 Kg7 34. Be4 Re5 35. Bf3 f5 36. Rc2 Be7 37. Kf1 Bd8 38. Ra2 Kf6 39. Bg2 f4 40. gxf4 Rf5 41. Re1 Rxf4 42. Re8 Be7 43. Ke2 Nxb3 44. Ke3 Rc4 45. Be4 Kf7 46. Rb8 Bg5+ 47. f4 Bxf4+ 48. Kxf4 Nc5 49. Re2 b3 50. Kf5 c2 51. Bf3 Nd7 52. Bh5+ Kg7 53. Re7# 1-0


[Site "https://www.chess.com"]

[Event "Titled Tuesday Blitz July 26 Early 2022"]
[White "Odegov, Artem"]
[Black "Vifleemskaia, Svetlana"]
[WhiteFideId "34183644"]
[BlackFideId "4129490"]
[WhiteElo "2286"]
[BlackElo "1929"]
[Result "1-0"]
[Round "10"]
[TimeControl "180+1"]
[Date "2022.07.27"]
[WhiteClock "0:00:12"]
[BlackClock "0:00:06"]

1. d4 Nf6 2. c4 e6 3. Nf3 Bb4+ 4. Bd2 Qe7 5. g3 Nc6 6. Bg2 O-O 7. O-O Bxd2 8. Nbxd2 d6 9. Qc2 e5 10. d5 Nb8 11. e4 a5 12. Rae1 Nbd7 13. Nh4 Nc5 14. f4 exf4 15. Rxf4 Nh5 16. Rff1 g6 17. Ndf3 Nd7 18. Qc3 Ne5 19. Nxe5 Qxe5 20. Qxe5 dxe5 21. c5 Bd7 22. Rf2 Ra6 23. Nf3 f6 24. Bf1 Raa8 25. Bc4 Kh8 26. Ref1 a4 27. Kg2 Rfe8 28. Ne1 f5 29. Bd3 f4 30. Nf3 h6 31. Rd2 g5 32. Rc1 g4 33. Nh4 f3+ 34. Kf2 Nf6 35. d6 Rac8 36. Bb1 Kg7 37. Rcd1 Be6 38. d7 Nxd7 39. Rxd7+ Bxd7 40. Rxd7+ Kf6 41. Nf5 Red8 42. Rd3 Rxd3 43. Bxd3 h5 44. Ke3 Rd8 45. b4 axb3 46. axb3 Ra8 47. b4 Ra2 48. b5 Rxh2 49. b6 cxb6 50. Nd6 bxc5 51. Nxb7 c4 52. Bxc4 Rb2 53. Nd6 Rc2 54. Bd3 Rc3 55. Nb5 Rb3 56. Nc7 Rc3 57. Nd5+ Ke6 58. Nxc3 Kd6 59. Nd1 Kc5 60. Nf2 Kb4 61. Bc2 Kc3 62. Bd1 Kb2 63. Bxf3 Kc1 64. Bxg4 hxg4 65. Nxg4 Kd1 66. Nxe5 Ke1 67. g4 1-0


[Site "https://www.chess.com"]

[Event "Titled Tuesday Blitz July 26 Early 2022"]
[White "Ohanyan, Emin"]
[Black "Mitrabha, Guha"]
[WhiteFideId "13312022"]
[BlackFideId "5057000"]
[WhiteElo "1927"]
[BlackElo "2499"]
[Result "1-0"]
[Round "10"]
[TimeControl "180+1"]
[Date "2022.07.26"]
[WhiteClock "0:00:38"]
[BlackClock "0:01:46"]

1. e4 e5 2. Nc3 Nc6 3. Bc4 Bc5 4. Qg4 Kf8 5. Qf3 Nf6 6. Nge2 g6 7. d4 exd4 8. Bh6+ Kg8 9. Nd5 Nxd5 10. Bxd5 Ne5 11. Qg3 d6 12. Bg5 Qe8 13. Bf6 d3 14. cxd3 Ng4 15. Bd4 Bxd4 16. Nxd4 c6 17. Bb3 Qe5 18. Qxe5 dxe5 19. Nf3 a5 20. h3 a4 21. Bxf7+ Kxf7 22. hxg4 Ra5 23. g5 Bg4 24. Nd2 Kg7 25. Nc4 Rb5 26. Kd2 Rd8 27. Rh4 Be6 28. Kc3 Bg8 29. g3 Bxc4 30. dxc4 Ra5 31. Rah1 Rh8 32. f4 exf4 33. gxf4 Raa8 34. f5 1-0


[Site "https://www.chess.com"]

[Event "Titled Tuesday Blitz July 26 Early 2022"]
[White "Olivares Olivares, Claudio"]
[Black "Omariev, Maksim"]
[WhiteFideId "3400786"]
[BlackFideId "4193423"]
[WhiteElo "2249"]
[BlackElo "2510"]
[Result "0-1"]
[Round "10"]
[TimeControl "180+1"]
[Date "2022.07.27"]
[WhiteClock "0:00:44"]
[BlackClock "0:00:32"]

1. e4 c5 2. Nf3 d6 3. d4 cxd4 4. Nxd4 Nf6 5. Nc3 a6 6. Bc4 e6 7. Bb3 b5 8. a3 Nbd7 9. g4 Nc5 10. Qe2 Bb7 11. f3 Nxb3 12. cxb3 Be7 13. h4 Rc8 14. h5 Nd7 15. b4 Bh4+ 16. Kf1 Nb6 17. Qg2 Bf6 18. Nde2 d5 19. g5 Bxc3 20. Nxc3 dxe4 21. fxe4 O-O 22. h6 g6 23. Be3 Nc4 24. Bc5 Rxc5 25. Qf2 Rxg5 26. Rd1 Qe7 27. Rh3 f5 28. e5 Nxe5 29. Qd4 Nf3 30. Qb6 Rg1+ 31. Kf2 Rxd1 32. Nxd1 Ng5 33. Rh2 Ne4+ 34. Ke1 f4 35. Nf2 Nxf2 36. Rxf2 f3 37. Qd4 e5 38. Qb6 e4 39. Rc2 e3 40. Rc7 f2+ 0-1


[Site "https://www.chess.com"]

[Event "Titled Tuesday Blitz July 26 Early 2022"]
[White "Petrova, Irina"]
[Black "Devaev, Alexander"]
[WhiteFideId "14124122"]
[BlackFideId "4169395"]
[WhiteElo "2021"]
[BlackElo "2185"]
[Result "0-1"]
[Round "10"]
[TimeControl "180+1"]
[Date "2022.07.27"]
[WhiteClock "0:00:01"]
[BlackClock "0:00:06"]

1. e4 c6 2. d4 d5 3. e5 Bf5 4. h4 Qb6 5. g4 Bd7 6. Nc3 e6 7. f4 c5 8. Nf3 h5 9. g5 Ne7 10. dxc5 Qxc5 11. Qd4 Nf5 12. Qxc5 Bxc5 13. Bd3 Ne7 14. Ke2 Nbc6 15. a3 a6 16. Be3 d4 17. Ne4 dxe3 18. Nxc5 Nd5 19. Ne4 Ke7 20. c4 Nxf4+ 21. Kxe3 Ng6 22. Nd6 Ncxe5 23. Nxe5 Nxe5 24. Nxb7 Nxd3 25. Kxd3 Bc6 26. Na5 Rhd8+ 27. Ke3 Bxh1 28. Rxh1 Rac8 29. b4 e5 30. c5 Rd4 31. Nb7 f5 32. gxf6+ gxf6 33. Rg1 Ke6 34. Nd6 Rxd6 35. cxd6 Rc3+ 36. Kd2 Rxa3 37. Rg6 Ra2+ 38. Kd3 Ra1 39. Ke2 Rh1 40. d7 Kxd7 41. Rxf6 Rxh4 42. Rxa6 Rxb4 43. Rh6 h4 44. Kf2 Rf4+ 45. Ke3 Ke7 46. Ke2 Kf7 47. Ke3 Rg4 48. Kf3 Rb4 49. Ra6 h3 50. Kg3 Rb3+ 51. Kh2 Re3 52. Rh6 Kg7 53. Rxh3 Re2+ 54. Kg1 Kf6 55. Kf1 Ra2 56. Rb3 Kf5 57. Rh3 Kg4 58. Rb3 Kf4 59. Ke1 e4 60. Rc3 Rg2 61. Kf1 Rd2 62. Ke1 Ra2 63. Kf1 Ke5 64. Ke1 Kd4 65. Rh3 Rg2 66. Kf1 Rd2 67. Ke1 Rd3 68. Rh6 Ke3 69. Rh3+ Kd4 70. Rh8 Ra3 71. Rh7 Ra1+ 72. Ke2 Ra2+ 73. Ke1 Kd3 74. Rd7+ Ke3 0-1


[Site "https://www.chess.com"]

[Event "Titled Tuesday Blitz July 26 Early 2022"]
[White "Plazuelo Pascual, Juan"]
[Black "Goltsev, Dmitry"]
[WhiteFideId "32059566"]
[BlackFideId "24176710"]
[WhiteElo "2416"]
[BlackElo "2258"]
[Result "1-0"]
[Round "10"]
[TimeControl "180+1"]
[Date "2022.07.26"]
[WhiteClock "0:00:30"]
[BlackClock "0:00:06"]

1. d4 Nf6 2. c4 e6 3. Nc3 Bb4 4. Qc2 Qe7 5. e4 Bxc3+ 6. bxc3 d6 7. Bd3 e5 8. Ne2 O-O 9. O-O Nbd7 10. Ng3 Nb6 11. f4 h6 12. a4 a5 13. fxe5 dxe5 14. Ba3 Qd8 15. dxe5 Ng4 16. Bxf8 Qxf8 17. Nf5 Qc5+ 18. Nd4 Ne3 19. Qf2 Nxf1 20. Rxf1 Be6 21. Nxe6 Qxf2+ 22. Rxf2 fxe6 23. c5 Nd7 24. c6 bxc6 25. Bc4 Nc5 26. Rb2 Re8 27. Kf1 Nxa4 28. Rb7 Nxc3 29. Rxc7 Nxe4 30. Ke2 Nc3+ 31. Kd2 Nd5 32. Rxc6 Kf7 33. Ra6 Rd8 34. Ra7+ Kg6 35. Ke1 Ne3 36. Bxe6 Nxg2+ 37. Kf2 Nf4 38. Bf7+ Kf5 39. Rxa5 Nd3+ 40. Kg3 Nxe5 41. Bg6+ Kf6 42. Ra6+ Ke7 43. Bf5 1-0


[Site "https://www.chess.com"]

[Event "Titled Tuesday Blitz July 26 Early 2022"]
[White "Ramirez Vido, Robert Yorisan"]
[Black "Maksimenko, Viktor"]
[WhiteFideId "3513823"]
[BlackFideId "13710478"]
[WhiteElo "2424"]
[BlackElo "2269"]
[Result "1-0"]
[Round "10"]
[TimeControl "180+1"]
[Date "2022.07.27"]
[WhiteClock "0:00:18"]
[BlackClock "0:00:25"]

1. Nf3 Nf6 2. g3 d5 3. Bg2 e6 4. O-O Be7 5. d3 O-O 6. Nbd2 c5 7. e4 Nc6 8. e5 Nd7 9. Re1 Qc7 10. Qe2 b5 11. h4 Bb7 12. Nf1 Rfc8 13. h5 h6 14. Bf4 Qd8 15. N1h2 Kh8 16. Qd2 Qg8 17. Bh3 a5 18. g4 Qh7 19. Kg2 d4 20. Kg3 Rg8 21. Rh1 g5 22. hxg6 Rxg6 23. Nh4 Re8 24. Nxg6+ Qxg6 25. f3 Ndxe5 26. Bg2 Rg8 27. Rae1 f6 28. Kf2 Kg7 29. Nf1 Rh8 30. Ng3 Bf8 31. Rh3 Kg8 32. Reh1 Nf7 33. Ne4 c4 34. dxc4 bxc4 35. Bf1 Nfe5 36. Bxh6 Be7 37. Bf4 Rxh3 38. Rxh3 Nxg4+ 39. fxg4 Qxe4 40. Bxc4 Bc5 41. Bd3 Qd5 42. Rh5 Ne5 43. Bxe5 Qg2+ 44. Ke1 Qg1+ 45. Bf1 fxe5 46. Qg5+ Kf8 47. Qf6+ Ke8 48. Qxe6+ Kd8 49. Rh8+ Kc7 50. Rh7+ Kb8 51. Qxe5+ Ka8 52. Rh8+ Ka7 53. Qxc5# 1-0


[Site "https://www.chess.com"]

[Event "Titled Tuesday Blitz July 26 Early 2022"]
[White "Richter, Nils"]
[Black "Hafiz, Arif Abdul"]
[WhiteFideId "12990809"]
[BlackFideId "7104227"]
[WhiteElo "2311"]
[BlackElo "2198"]
[Result "1-0"]
[Round "10"]
[TimeControl "180+1"]
[Date "2022.07.26"]
[WhiteClock "0:00:50"]
[BlackClock "0:00:02"]

1. d4 Nc6 2. d5 Ne5 3. f4 Ng6 4. e4 e5 5. dxe6 dxe6 6. Qxd8+ Kxd8 7. Nf3 Bd7 8. Be3 Nf6 9. Nbd2 Ng4 10. Bg1 Nxf4 11. h3 Nf6 12. O-O-O Ke8 13. Bh2 Ng6 14. Bxc7 Rc8 15. Ba5 Bc5 16. Kb1 Ke7 17. e5 Nd5 18. Ne4 b6 19. Nxc5 Rxc5 20. Be1 a5 21. Bf2 Rc6 22. Bb5 Rc7 23. Bxd7 Kxd7 24. Bxb6 Rc6 25. Bxa5 Rb8 26. Nd4 Rc5 27. Nb3 Rc4 28. Rhe1 Rb5 29. Bd2 Ke8 30. Bc1 Nde7 31. Nd4 Rxe5 32. Rxe5 Nxe5 33. b3 Rc8 34. Nb5 Rb8 35. Nd6+ Kf8 36. a4 Nd5 37. Bb2 Nc6 38. c4 Ne3 39. Rd3 Nxg2 40. Ba3 Kg8 41. Nb5 f5 42. Rg3 Nf4 43. Bd6 Re8 44. Bxf4 e5 45. Bh6 g6 46. Nd6 Rb8 47. Nxf5 Kf7 48. Nd6+ Ke6 49. Nb5 Rd8 50. Kc1 e4 51. Bd2 Ne5 52. a5 Nd3+ 53. Kc2 Rc8 54. Re3 Ke5 55. Rxe4+ 1-0


[Site "https://www.chess.com"]

[Event "Titled Tuesday Blitz July 26 Early 2022"]
[White "Rios Escobar, Adan"]
[Black "Navarrete Mendez, Gonzalo Alberto"]
[WhiteFideId "3403645"]
[BlackFideId "5106850"]
[WhiteElo "2408"]
[BlackElo "2261"]
[Result "1-0"]
[Round "10"]
[TimeControl "180+1"]
[Date "2022.07.27"]
[WhiteClock "0:00:28"]
[BlackClock "0:00:10"]

1. d4 d5 2. Nf3 Nf6 3. g3 c5 4. Bg2 cxd4 5. O-O h6 6. b3 Nc6 7. Nxd4 e5 8. Nxc6 bxc6 9. Bb2 Bd6 10. c4 e4 11. Nc3 Be6 12. cxd5 cxd5 13. Nb5 Be7 14. Rc1 O-O 15. Nc7 Rc8 16. Nxe6 fxe6 17. Bh3 Qd7 18. Qd4 Rf7 19. Rxc8+ Qxc8 20. Rc1 Qd7 21. Qe5 Qb5 22. Bxe6 Qxe2 23. Bd4 Bf8 24. Rc7 Qd1+ 25. Kg2 Qf3+ 26. Kh3 h5 27. Rxf7 Kh8 28. Rxf8+ Kh7 29. Qf5+ Qxf5+ 30. Bxf5+ Kh6 31. Bxf6 gxf6 32. Rxf6+ Kg5 33. Rf8 e3 34. fxe3 a5 35. Bd3 Kh6 36. Rf5 a4 37. bxa4 h4 38. Kxh4 Kg7 39. Kg5 Kg8 40. Kg6 d4 41. exd4 1-0


[Site "https://www.chess.com"]

[Event "Titled Tuesday Blitz July 26 Early 2022"]
[White "Rodchenkov, Sergey D."]
[Black "Shtyka, Sergey"]
[WhiteFideId "4168712"]
[BlackFideId "4138465"]
[WhiteElo "2293"]
[BlackElo "1995"]
[Result "0-1"]
[Round "10"]
[TimeControl "180+1"]
[Date "2022.07.26"]
[WhiteClock "0:01:03"]
[BlackClock "0:01:12"]

1. e4 c5 2. Nf3 d6 3. d4 cxd4 4. Nxd4 Nf6 5. Nc3 g6 6. Be3 Bg7 7. f3 O-O 8. Qd2 Nc6 9. O-O-O d5 10. exd5 Nxd5 11. Nxc6 bxc6 12. Bd4 e5 13. Bc5 Be6 14. Ne4 Re8 15. h4 h6 16. h5 g5 17. g4 Qc7 18. Bc4 Rad8 19. Qf2 a5 20. a4 Nf4 21. Bxe6 Nxe6 22. Bb6 Rxd1+ 23. Rxd1 Qb8 24. Bxa5 Qa8 25. Qe1 Nd4 26. b3 Nxf3 27. Qf2 Nd4 28. Rf1 f5 29. gxf5 Qxa5 30. f6 Rf8 31. f7+ Kh8 32. Nxg5 Qc3 33. Ne4 Nxb3+ 34. Kd1 Rd8+ 35. Ke2 Nd4+ 36. Kd1 Nxc2+ 37. Ke2 Qd3# 0-1


[Site "https://www.chess.com"]

[Event "Titled Tuesday Blitz July 26 Early 2022"]
[White "Rohith Krishna S"]
[Black "Ambartsumova, Karina"]
[WhiteFideId "46617051"]
[BlackFideId "4166299"]
[WhiteElo "2117"]
[BlackElo "2262"]
[Result "1-0"]
[Round "10"]
[TimeControl "180+1"]
[Date "2022.07.26"]
[WhiteClock "0:01:14"]
[BlackClock "0:00:02"]

1. e4 c5 2. d4 cxd4 3. Nf3 Nc6 4. Nxd4 Qb6 5. Nb3 Nf6 6. Nc3 e6 7. Bd3 a6 8. O-O Be7 9. Be3 Qc7 10. h3 O-O 11. a4 b6 12. Kh1 Bb7 13. f4 d6 14. f5 Rad8 15. Qe1 Ne5 16. Qf2 Nfd7 17. Nd4 Nc5 18. Rad1 d5 19. exd5 Ncxd3 20. cxd3 exd5 21. Qg3 Bf6 22. Bf4 Rfe8 23. Rfe1 Qc5 24. Nc2 d4 25. Ne4 Bxe4 26. Rxe4 Qxc2 27. Rde1 Qc6 28. Bxe5 Bxe5 29. Rxe5 Rxe5 30. Qxe5 f6 31. Qe7 Qd7 32. Qb4 Qxf5 33. Qxb6 Rf8 34. Qxd4 h5 35. Qc4+ Kh7 36. Qxa6 Qf2 37. Qe6 Rd8 38. Qe4+ Kh8 39. b4 h4 40. Re2 Qg3 41. Re3 Qf2 42. Rf3 Qd2 43. Qxh4+ Kg8 44. Qc4+ Kf8 45. a5 Qd1+ 46. Kh2 Qa1 47. Qc5+ Kg8 48. Re3 1-0


[Site "https://www.chess.com"]

[Event "Titled Tuesday Blitz July 26 Early 2022"]
[White "Rosenberg, Evan S"]
[Black "Harish, Neeraj"]
[WhiteFideId "2019299"]
[BlackFideId "30958130"]
[WhiteElo "2304"]
[BlackElo "1574"]
[Result "0-1"]
[Round "10"]
[TimeControl "180+1"]
[Date "2022.07.27"]
[WhiteClock "0:00:13"]
[BlackClock "0:00:17"]

1. e4 c5 2. Nc3 Nc6 3. f4 g6 4. Nf3 Bg7 5. a4 e6 6. e5 d5 7. d4 cxd4 8. Nb5 Bf8 9. Nbxd4 Nge7 10. Bb5 Bg7 11. b3 O-O 12. Ba3 a6 13. Bxc6 bxc6 14. Bc5 Bd7 15. a5 Re8 16. O-O Nf5 17. Nxf5 exf5 18. Nd4 Bf8 19. Bxf8 Kxf8 20. Qe1 Kg7 21. Qc3 Kg8 22. Qc5 Qe7 23. Qxe7 Rxe7 24. b4 Rb8 25. c3 Be8 26. Rfe1 Bd7 27. Nb3 Be6 28. Nc5 Ra8 29. Rad1 Ree8 30. Rd4 Red8 31. Kf2 Kf8 32. Kg3 Ke7 33. Red1 h6 34. h4 h5 35. Kf3 Ke8 36. g3 Ke7 37. Ke3 Ke8 38. Kd3 Ke7 39. Kc2 Ke8 40. Nb7 Rd7 41. Nd6+ Rxd6 42. exd6 Kd7 43. c4 Kxd6 44. cxd5 Bxd5 45. Re1 c5 46. bxc5+ Kxc5 47. Kc3 Rb8 48. Re5 Rb3+ 49. Kc2 Kxd4 50. Rxd5+ Kxd5 51. Kxb3 Kc5 52. Kc3 Kb5 53. Kd4 Kxa5 54. Kc5 f6 55. Kc4 Kb6 56. Kb4 a5+ 57. Ka4 Ka6 58. Ka3 Kb5 59. Kb3 a4+ 60. Ka3 Ka5 61. Ka2 Kb4 62. Kb2 a3+ 63. Ka2 Ka4 64. Ka1 Kb3 65. Kb1 Kc3 66. Ka2 Kd3 67. Kxa3 Ke3 0-1


[Site "https://www.chess.com"]

[Event "Titled Tuesday Blitz July 26 Early 2022"]
[White "Sarana, Alexey"]
[Black "Shimanov, Aleksandr"]
[WhiteFideId "24133795"]
[BlackFideId "4198603"]
[WhiteElo "2666"]
[BlackElo "2605"]
[Result "1-0"]
[Round "10"]
[TimeControl "180+1"]
[Date "2022.07.26"]
[WhiteClock "0:00:21"]
[BlackClock "0:00:02"]

1. d4 Nf6 2. c4 e6 3. Nc3 d5 4. cxd5 exd5 5. Bg5 c6 6. e3 h6 7. Bh4 Be7 8. Bd3 O-O 9. Nge2 Nh5 10. Bxe7 Qxe7 11. Qd2 Nd7 12. O-O Re8 13. Rae1 Ndf6 14. Nc1 Qd6 15. f3 g6 16. Nb3 Be6 17. Bc2 Rad8 18. e4 dxe4 19. fxe4 Ng4 20. e5 Qb4 21. Re4 Bc4 22. Rxg4 Bxf1 23. Qxh6 Ng7 24. Rh4 Kf8 25. Qh8+ Ke7 26. Qxg7 Bc4 27. Bxg6 Kd7 28. Bxf7 Re7 29. e6+ Kc7 30. Qe5+ Rd6 31. d5 Qb6+ 32. Kh1 Bxd5 33. Nxd5+ cxd5 34. Rd4 Qc6 35. h3 Kb6 36. Rb4+ Ka6 37. Qe2+ b5 38. a4 1-0


[Site "https://www.chess.com"]

[Event "Titled Tuesday Blitz July 26 Early 2022"]
[White "Schekachikhin, Maksim"]
[Black "Nilsson, Joakim"]
[WhiteFideId "24177830"]
[BlackFideId "1723383"]
[WhiteElo "2239"]
[BlackElo "2214"]
[Result "0-1"]
[Round "10"]
[TimeControl "180+1"]
[Date "2022.07.27"]
[WhiteClock "0:00:24"]
[BlackClock "0:00:17"]

1. d4 c6 2. c4 Nf6 3. Nc3 d5 4. e3 g6 5. Nf3 Bg7 6. Be2 O-O 7. O-O Be6 8. b3 c5 9. cxd5 Nxd5 10. Nxd5 Bxd5 11. Bb2 Nc6 12. Rc1 cxd4 13. Nxd4 Nxd4 14. Bxd4 Bxd4 15. Qxd4 Bc6 16. Qh4 Qa5 17. a4 Qe5 18. Qb4 Qg5 19. g3 Qd5 20. f3 Rad8 21. e4 Qg5 22. Qc5 Qf6 23. Rc2 h5 24. Qxa7 h4 25. Qf2 hxg3 26. hxg3 Kg7 27. a5 Rh8 28. a6 bxa6 29. e5 Qe6 30. Bxa6 Rh3 31. Re1 Rdh8 32. Qg2 Qd5 33. Rxc6 Qxc6 34. Be2 Qc5+ 0-1


[Site "https://www.chess.com"]

[Event "Titled Tuesday Blitz July 26 Early 2022"]
[White "Schwabeneder, Florian"]
[Black "Rustemov, Alexander"]
[WhiteFideId "1626191"]
[BlackFideId "4119002"]
[WhiteElo "2275"]
[BlackElo "2808"]
[Result "0-1"]
[Round "10"]
[TimeControl "180+1"]
[Date "2022.07.26"]
[WhiteClock "0:00:21"]
[BlackClock "0:01:19"]

1. e4 e6 2. d3 d5 3. Qe2 Nc6 4. Nf3 e5 5. c3 Nf6 6. Bg5 Be7 7. Nbd2 a5 8. a4 O-O 9. g3 b6 10. Bg2 dxe4 11. Nxe4 Nxe4 12. Qxe4 Bb7 13. Be3 Bf6 14. O-O Qd7 15. Rfd1 Rab8 16. Qc4 Rfd8 17. Ng5 h6 18. Bh3 Qd5 19. Qxd5 Rxd5 20. Ne4 Be7 21. Kf1 Rbd8 22. Ke2 Ba6 23. c4 Rxd3 24. Rxd3 Bxc4 25. Nc3 Bxd3+ 26. Ke1 Nb4 0-1


[Site "https://www.chess.com"]

[Event "Titled Tuesday Blitz July 26 Early 2022"]
[White "Seo, Jung Min"]
[Black "Kamsky, Gata"]
[WhiteFideId "1734687"]
[BlackFideId "2000024"]
[WhiteElo "2414"]
[BlackElo "2645"]
[Result "1-0"]
[Round "10"]
[TimeControl "180+1"]
[Date "2022.07.26"]
[WhiteClock "0:01:47"]
[BlackClock "0:01:22"]

1. d4 f5 2. g3 Nf6 3. Bg2 g6 4. Nd2 Bg7 5. e4 fxe4 6. Nxe4 Nxe4 7. Bxe4 d5 8. Bg2 Nc6 9. Nf3 Bg4 10. c3 e5 11. dxe5 Nxe5 12. h3 Bxf3 13. Bxf3 Nxf3+ 14. Qxf3 Qe7+ 15. Be3 O-O-O 16. O-O-O Qe6 17. Qg4 Rhe8 18. Bg5 Rd7 19. Qxe6 Rxe6 20. Rhe1 Rxe1 21. Rxe1 Rf7 22. Re7 Rxe7 23. Bxe7 Kd7 24. Bg5 c5 25. Kd2 b5 26. g4 a5 27. b3 a4 28. Be3 c4 29. bxc4 bxc4 30. f4 Ke6 31. Bd4 Bxd4 32. cxd4 h5 33. a3 hxg4 34. hxg4 Kf6 35. Kc3 1-0


[Site "https://www.chess.com"]

[Event "Titled Tuesday Blitz July 26 Early 2022"]
[White "Shuvalov, Evgenij"]
[Black "Zemlyanskii, Ivan"]
[WhiteFideId "4187237"]
[BlackFideId "24249971"]
[WhiteElo "2042"]
[BlackElo "1815"]
[Result "1-0"]
[Round "10"]
[TimeControl "180+1"]
[Date "2022.07.26"]
[WhiteClock "0:00:34"]
[BlackClock "0:00:02"]

1. Nf3 Nf6 2. c4 b6 3. g3 c5 4. Bg2 Bb7 5. O-O g6 6. d4 cxd4 7. Qxd4 Bg7 8. Nc3 d6 9. Rd1 Nbd7 10. Be3 Rc8 11. Rac1 O-O 12. Qh4 h5 13. h3 a6 14. b3 Nc5 15. g4 Qd7 16. g5 Nfe4 17. Nd5 Bxd5 18. cxd5 Nc3 19. Rxc3 Bxc3 20. Bd4 Bxd4 21. Nxd4 Nb7 22. f4 Rc3 23. f5 Re3 24. Be4 Nc5 25. Bb1 Kg7 26. f6+ Kg8 27. Qf4 Qxh3 28. Kf2 Re5 29. Nc6 exf6 30. gxf6 Rfe8 31. Nxe5 Rxe5 32. Rg1 Nd7 33. Bxg6 fxg6 34. Rxg6+ Kf7 35. Rg7+ Kf8 36. Qh6 Qh2+ 37. Rg2+ Kf7 38. Qg7+ Ke8 39. f7+ Kd8 40. f8=Q+ Nxf8 41. Qxf8+ Re8 42. Qxe8+ Kxe8 43. Rxh2 1-0


[Site "https://www.chess.com"]

[Event "Titled Tuesday Blitz July 26 Early 2022"]
[White "Shvedova, Alexandra"]
[Black "Ismagilov, Damir"]
[WhiteFideId "54154782"]
[BlackFideId "34199982"]
[WhiteElo "1896"]
[BlackElo "2138"]
[Result "0-1"]
[Round "10"]
[TimeControl "180+1"]
[Date "2022.07.26"]
[WhiteClock "0:00:18"]
[BlackClock "0:00:38"]

1. d4 Nf6 2. c4 e6 3. Nf3 d5 4. g3 dxc4 5. Bg2 Bb4+ 6. Bd2 a5 7. Qc2 c5 8. dxc5 Bxc5 9. Qxc4 Nbd7 10. O-O b6 11. Ng5 Ba6 12. Qc2 Rc8 13. Nc3 O-O 14. Rad1 Bxe2 15. Bf4 Bxf1 16. Bxf1 Qe7 17. Qb3 Rfd8 18. Bg2 Nf8 19. Re1 Ng6 20. Bc1 h6 21. Nge4 Bd4 22. Nxf6+ Qxf6 23. Ne4 Qe7 24. h4 Qb4 25. Qxb4 axb4 26. Kf1 Ne5 27. Rd1 Bc5 28. Rxd8+ Rxd8 29. Ke2 Nd3 30. Bd2 Nxb2 31. h5 Nc4 32. Be1 Be7 33. g4 Kf8 34. f4 Ra8 35. Kd3 Rxa2 36. Bf1 Ra1 37. Ke2 b3 0-1


[Site "https://www.chess.com"]

[Event "Titled Tuesday Blitz July 26 Early 2022"]
[White "Silvestre, Christian"]
[Black "Przybylski, Wojciech"]
[WhiteFideId "30956269"]
[BlackFideId "1117599"]
[WhiteElo "2346"]
[BlackElo "2133"]
[Result "1-0"]
[Round "10"]
[TimeControl "180+1"]
[Date "2022.07.27"]
[WhiteClock "0:00:10"]
[BlackClock "0:00:06"]

1. c4 e5 2. Nf3 e4 3. Nd4 Nf6 4. Nc3 Bc5 5. Nb3 Bb4 6. a3 Bxc3 7. dxc3 O-O 8. Bg5 h6 9. Bf4 d6 10. e3 Bg4 11. Qd2 Nbd7 12. h3 Be6 13. Nd4 Qe7 14. Be2 a5 15. a4 Nc5 16. O-O Nfd7 17. Qc2 Nf6 18. b4 Ncd7 19. Nb5 Ne5 20. c5 g5 21. Bg3 Bf5 22. cxd6 cxd6 23. Rfd1 Rfd8 24. Nd4 Bg6 25. Qb3 axb4 26. cxb4 Nd3 27. Nb5 Ra6 28. Nc3 d5 29. b5 Raa8 30. a5 d4 31. Nxe4 Nxe4 32. Bxd3 Nc5 33. Qa3 dxe3 34. Bxg6 fxg6 35. Qxe3 Qxe3 36. fxe3 Rxd1+ 37. Rxd1 Rxa5 38. Rd8+ Kf7 39. Rc8 Rxb5 40. Rc7+ Ke6 41. Rg7 Ne4 42. Rxg6+ Kf5 43. Rxh6 Nxg3 44. Kh2 Ne4 45. h4 g4 46. Rh5+ Kf6 47. Rxb5 g3+ 48. Kh3 b6 49. Rxb6+ Kf5 50. Rb4 Nf2+ 51. Kxg3 Nd3 52. Rf4+ Kg6 53. Rf3 Ne5 54. Rf4 Nd3 55. Rg4+ Kh5 56. Rf4 Nb2 57. Rd4 Kg6 58. Rd5 Kh6 59. Rg5 Nd3 60. Rb5 Nc1 61. Rb6+ Kh5 62. Rb5+ Kh6 63. Kf3 Nd3 64. g4 Ne1+ 65. Ke2 Ng2 66. Rb6+ Kg7 67. h5 Nh4 68. g5 Nf5 69. Rb7+ Kg8 70. Kf3 Nd6 71. Rd7 Nc4 72. Kf4 Nb6 73. Rb7 Nd5+ 74. Ke5 Nxe3 75. Kf6 Nd5+ 76. Kg6 Nf4+ 77. Kh6 Kf8 78. g6 Ne6 79. Rf7+ Kg8 80. Ra7 Kf8 81. g7+ Kg8 82. Ra8+ Kf7 83. g8=Q+ Kf6 84. Qxe6+ Kxe6 85. Rg8 Kf7 86. Rg7+ Kf6 87. Rg6+ Kf7 88. Rg3 Kf8 89. Kg6 Kg8 90. h6 Kh8 91. Rc3 Kg8 1-0


[Site "https://www.chess.com"]

[Event "Titled Tuesday Blitz July 26 Early 2022"]
[White "Svane, Frederik"]
[Black "Kuderinov, Kirill"]
[WhiteFideId "12923044"]
[BlackFideId "13701568"]
[WhiteElo "2459"]
[BlackElo "2465"]
[Result "0-1"]
[Round "10"]
[TimeControl "180+1"]
[Date "2022.07.26"]
[WhiteClock "0:00:01"]
[BlackClock "0:00:16"]

1. a3 a6 2. d4 Nf6 3. Nf3 e6 4. Nc3 d5 5. Bf4 Be7 6. e3 O-O 7. Bd3 Nbd7 8. O-O c5 9. Ne5 Nxe5 10. Bxe5 c4 11. Be2 b5 12. Bf3 Bb7 13. Re1 Bd6 14. Bxf6 Qxf6 15. e4 dxe4 16. Bxe4 Bxe4 17. Nxe4 Qd8 18. Qh5 Be7 19. Rad1 Ra7 20. d5 exd5 21. Rxd5 Rd7 22. Red1 Rxd5 23. Rxd5 Qc8 24. Qd1 Qe6 25. Ng3 Re8 26. Kf1 g6 27. Rd2 c3 28. Re2 Qc6 29. b4 Rd8 30. Qe1 Bf8 31. Ne4 Rc8 32. h3 Bg7 33. Kg1 h6 34. Nc5 a5 35. Nd3 axb4 36. axb4 Rd8 37. g3 Kh7 38. Nc5 Qf3 39. Ne4 Qf5 0-1


[Site "https://www.chess.com"]

[Event "Titled Tuesday Blitz July 26 Early 2022"]
[White "Timofeev, Artyom"]
[Black "Srihari L R"]
[WhiteFideId "4140419"]
[BlackFideId "46617116"]
[WhiteElo "2578"]
[BlackElo "2170"]
[Result "1-0"]
[Round "10"]
[TimeControl "180+1"]
[Date "2022.07.26"]
[WhiteClock "0:00:20"]
[BlackClock "0:00:07"]

1. e4 c5 2. Nc3 a6 3. d4 cxd4 4. Qxd4 Nc6 5. Qe3 d6 6. b3 Nf6 7. Bb2 e6 8. O-O-O Be7 9. f4 Ng4 10. Qd2 Qb6 11. Nh3 Bd7 12. Be2 h5 13. Bxg4 hxg4 14. Nf2 Rc8 15. Nxg4 Rh5 16. e5 d5 17. Kb1 a5 18. Nf2 Nb4 19. a3 Na6 20. Nd3 g6 21. Ne2 a4 22. b4 Bb5 23. Nd4 Bc4 24. g4 Rh3 25. f5 Bxd3 26. cxd3 Nxb4 27. fxg6 fxg6 28. axb4 Bxb4 29. Qg5 Bc3 30. Qxg6+ Ke7 31. Nf5+ Kd8 32. Rd2 Bxd2 33. Qf7 exf5 34. e6 Qd6 35. Bf6+ 1-0


[Site "https://www.chess.com"]